 Dungeon Crawl Stone Soup version 0.18.1-6-gd335043 (webtiles) character file.

10318 epen the Summoner (level 11, -7/64 HPs)
             Began as a Tengu Summoner on May 16, 2016.
             Was the Champion of Nemelex Xobeh.
             Mangled by a seven-headed hydra (10 damage)
             ... on level 3 of the Lair of Beasts.
             The game lasted 00:55:01 (17581 turns).

epen the Summoner (Tengu Summoner)                 Turns: 17581, Time: 00:55:02

Health: -7/64      AC:  3    Str:  8    XL:     11   Next: 60%
Magic:  1/33       EV: 18    Int: 20    God:    Nemelex Xobeh [******]
Gold:   487        SH:  0    Dex: 21    Spells: 5 memorised, 12 levels left

rFire  . . .     SeeInvis .     r - +2 scimitar (flame)
rCold  . . .     Gourm    .     Z - +1 robe {rF+}
rNeg   . . .     Faith    .     (no shield)
rPois  +         Spirit   .     (helmet restricted)
rElec  +         Dismiss  .     (no cloak)
rCorr  .         Reflect  .     (no gloves)
SustAt .         Harm     .     (boots unavailable)
MR     .....                    (no amulet)
Stlth  +++.......               Y - ring "Weapp" {rF- MP+9 Dex+5}
                                p - ring of flight

@: not resistant to hostile enchantments, fairly stealthy
A: beak, talons 3, agile 1, poison resistance, electricity resistance, able to
fly 1
a: Fly, Triple Draw, Deal Four, Stack Five, Renounce Religion, Evoke Flight


You were on level 3 of the Lair of Beasts.
You worshipped Nemelex Xobeh.
Nemelex Xobeh was exalted by your worship.
You were very hungry.

You visited 2 branches of the dungeon, and saw 13 of its levels.

You collected 487 gold pieces.

Inventory:

Hand Weapons
 e - a +3 dagger of electrocution
 r - a +2 scimitar of flaming (weapon)
Missiles
 K - 3 throwing nets (quivered)
Armour
 C - a +0 buckler
 X - a +1 robe of magic resistance
 Z - a +1 robe of fire resistance (worn)
Jewellery
 p - a ring of flight (left hand)
 w - a cursed ring of fire {unknown}
 G - the ring "Xoetidec" {rF+ Int-4 Dex+2 SInv}
   (You found it on level 9 of the Dungeon)

   [ring of see invisible]

   It affects your intelligence (-4).
   It affects your dexterity (+2).
   It protects you from fire.
   It lets you see invisible.
 Y - the ring "Weapp" (right hand) {rF- MP+9 Dex+5}
   (You took it off a wight on level 8 of the Dungeon)

   [ring of magical power]

   It affects your dexterity (+5).
   It makes you vulnerable to fire.
   It affects your magic capacity (+9).
Wands
 h - a wand of paralysis (8/24)
 A - a wand of iceblast (15/15)
 H - a wand of flame (30/48)
 U - a wand of iceblast (8/15)
 W - a wand of iceblast (10/15)
Scrolls
 k - 2 scrolls of recharging
 m - a scroll of random uselessness
 o - 2 scrolls of enchant weapon
 q - a scroll of amnesia
 y - 6 scrolls of teleportation
 E - 3 scrolls of magic mapping
 J - 5 scrolls of immolation
 Q - 4 scrolls of remove curse
Potions
 a - a potion of experience {unknown}
 d - a potion of resistance {unknown}
 f - 2 potions of flight
 g - 5 potions of curing
 j - a potion of agility
 l - a potion of invisibility {unknown}
 n - 2 potions of haste
 t - a potion of lignification
 u - a potion of mutation
 x - a potion of cure mutation {unknown}
 B - a potion of might
 F - 3 potions of brilliance
 O - a potion of cancellation {unknown}
 P - 2 potions of ambrosia
Books
 b - a book of Callings

   Spells                             Type                      Level
   a - Summon Small Mammal            Summoning                    1
   b - Call Imp                       Summoning                    2
   c - Call Canine Familiar           Summoning                    3
   d - Summon Guardian Golem          Hexes/Summoning              3
   e - Summon Lightning Spire         Summoning/Air                4
   f - Summon Ice Beast               Ice/Summoning                4
 T - a book of Minor Magic

   Spells                             Type                      Level
   a - Magic Dart                     Conjuration                  1
   b - Blink                          Translocation                2
   c - Call Imp                       Summoning                    2
   d - Repel Missiles                 Charms/Air                   2
   e - Slow                           Hexes                        2
   f - Conjure Flame                  Conjuration/Fire             3
   g - Mephitic Cloud                 Conjuration/Poison/Air       3
Miscellaneous
 s - a phial of floods
 v - a plain deck of destruction
 L - an ornate deck of escape
 M - a legendary deck of destruction {drawn: 6}
 R - a legendary deck of war
 S - an ornate deck of escape
Comestibles
 c - 6 bread rations
 i - 5 beef jerkies
 z - 5 meat rations
 D - 11 fruits
 N - 4 slices of pizza


   Skills:
 + Level 5.6 Fighting
 + Level 1.4 Armour
 + Level 7.1 Dodging
 - Level 2.0 Stealth
 + Level 0.0 Shields
 * Level 8.6 Spellcasting
 * Level 11.4 Summonings
 + Level 6.3 Air Magic
 * Level 8.0 Evocations


You had 12 spell levels left.
You knew the following spells:

 Your Spells              Type           Power        Failure   Level  Hunger
a - Blink                 Tloc           N/A          14%         2    None
b - Call Imp              Summ           ######..     1%          2    None
c - Summon Guardian Gole  Hex/Summ       ####....     2%          3    None
d - Summon Lightning Spi  Summ/Air       #####...     1%          4    ###....
e - Summon Ice Beast      Ice/Summ       ####....     10%         4    ###....


Dungeon Overview and Level Annotations

Branches:
Dungeon (10/15)            Temple (0/1) D:6            Lair (3/8) D:9
  Swamp: Lair:3-6    Shoals: Lair:3-6     Snake: Lair:3-6    Spider: Lair:3-6
    Orc: D:9-12

Altars:
Ashenzari
Elyvilon
Fedhas
Kikubaaqudgha
Nemelex Xobeh
Okawaru
Pakellas
Ru
Sif Muna
Trog
Vehumet
Xom
Yredelemnul

Shops:
D:7 }[

Annotations:
Lair:1 exclusion: oklob plant


Innate Abilities, Weirdness & Mutations

You have a beak for a mouth.
You have claws for feet.
You can fly.
You are agile. (Dex +2)
Your system is resistant to poisons.
You are resistant to electric shocks.


Message History

The eight-headed hydra closely misses you.
The eight-headed hydra bites you.
The eight-headed hydra bites you but does no damage.
You hack one of the eight-headed hydra's heads off!
The flame cauterises the wound!
You hit the seven-headed hydra. You burn the seven-headed hydra.
You claw the seven-headed hydra.
The seven-headed hydra is almost dead.
The seven-headed hydra misses you.
The seven-headed hydra closely misses you.
The seven-headed hydra barely misses you.
The seven-headed hydra bites you! The seven-headed hydra bites you.
* * * LOW HITPOINT WARNING * * *
The seven-headed hydra bites you!
* * * LOW HITPOINT WARNING * * *
The seven-headed hydra closely misses you.
The seven-headed hydra bites you.
* * * LOW HITPOINT WARNING * * *
The seven-headed hydra bites you!
You die...
Your body glows with a rainbow of weird colours and disappears.

.##.....+....#.##....#......#####
.#.....#.....#..##...............
.##.....#....##.....##......#....
..#....#.....##..............#...
.##....#.....##.....P.......##...
.########....###.##.#............
....##.#...<.#####...........#...
............................###..
...............D@............#...
.................................
.................................
.................................
..P.P###.........PP.#............
..P### #P.......P#..##.....##....
..# ##.......##..##.....##..#.
..# .#.......P#......(..P.....
..# ...............#...........


You could see a seven-headed hydra.

Vanquished Creatures
  Erica (D:8)
  A spiny frog (Lair:2)
  The ghost of eeldvark the Poker, an amateur NaWr (D:3)
  2 blink frogs (Lair:1)
  A yak (Lair:1)
  A hippogriff (D:9)
  A warg (Lair:1)
  A porcupine (Lair:1)
  An ice beast (D:9)
  A black bear (D:4)
  An ogre (D:6)
  3 centaurs
  2 crocodiles
  6 giant frogs
  A killer bee (D:8)
  2 wights
  A jelly (D:8)
  3 crimson imps
  2 hounds (D:9)
  2 giant frog skeletons
  2 orc priests
  An iguana (Lair:3)
  3 orc wizards
  9 worker ants
  A sheep (D:7)
  A hound skeleton (D:7)
  A howler monkey zombie (D:4)
  Robin (D:2)
  5 adders
  9 river rats
  An ooze (D:3)
  3 adder zombies
  2 dart slugs
  4 giant geckos
  10 orcs
  A ball python (D:1)
  4 bats
  3 giant cockroaches
  16 goblins
  10 hobgoblins
  A jackal (D:4)
  6 kobolds
  3 quokkas
  3 giant newts
  2 jackal skeletons
  7 rats
143 creatures vanquished.

Vanquished Creatures (collateral kills)
  3 hydras
  Nergalle (Lair:3)
  A black mamba (Lair:1)
  4 spiny frogs
  7 komodo dragons
  A two-headed ogre (D:9)
  5 blink frogs (Lair:1)
  A human (D:7)
  9 yaks
  2 basilisks (Lair:1)
  2 hippogriffs
  4 water moccasins
  5 porcupines
  4 orc warriors
  A black bear (D:9)
  A phantom (D:9)
  A sky beast (D:9)
  3 ogres
  A centaur (D:8)
  A wolf (Lair:3)
  4 crocodiles
  7 giant frogs
  5 killer bees (D:8)
  13 wights
  A quasit (D:9)
  3 orc priests (D:7)
  3 orc wizards
  9 iguanas
  2 worker ants (D:8)
  Terence (D:2)
  2 sheep (D:7)
  A gnoll (D:1)
  18 river rats
  2 adders
  An adder skeleton (D:4)
  2 worms (D:3)
  A giant gecko (D:3)
  16 orcs
  6 goblins
  4 hobgoblins
  3 jackals (D:4)
  4 bats
  A jackal skeleton (D:3)
  A kobold (D:2)
  2 fungi
169 creatures vanquished.

Vanquished Creatures (others)
  2 orc wizards
  4 fungi
  2 plants
8 creatures vanquished.

Grand Total: 320 creatures vanquished

Notes
Turn   | Place    | Note
--------------------------------------------------------------
     0 | D:1      | epen the Tengu Summoner began the quest for the Orb.
     0 | D:1      | Reached XP level 1. HP: 10/10 MP: 4/4
   457 | D:1      | Reached skill level 5 in Summonings
   457 | D:1      | Reached XP level 2. HP: 14/15 MP: 6/6
   461 | D:1      | Learned a level 2 spell: Call Imp
   876 | D:1      | Reached XP level 3. HP: 19/19 MP: 2/7
  1177 | D:2      | Noticed Robin
  1215 | D:2      | Killed Robin
  1228 | D:1      | HP: 1/20 [goblin[Robin] (2)]
  1580 | D:1      | HP: 1/20 [goblin/club[Robin] (2)]
  1603 | D:1      | HP: 1/20 [goblin (2)]
  1612 | D:1      | Reached skill level 1 in Fighting
  1997 | D:2      | Reached XP level 4. HP: 14/25 MP: 6/8
  2100 | D:2      | Found a faded altar to an unknown god.
  2131 | D:2      | Became a worshipper of Nemelex Xobeh the Trickster
  2131 | D:2      | Received a gift from Nemelex Xobeh
  2131 | D:2      | Reached * piety under Nemelex Xobeh
  2159 | D:2      | Found an ancient bone altar of Kikubaaqudgha.
  2159 | D:2      | Found a blossoming altar of Fedhas.
  2300 | D:2      | Received a gift from Nemelex Xobeh
  2555 | D:2      | Noticed Terence
  2573 | D:2      | Killed Terence
  3093 | D:3      | Noticed an orc warrior
  3113 | D:3      | Killed an orc warrior
  3113 | D:3      | Reached skill level 6 in Summonings
  3113 | D:3      | Reached skill level 1 in Evocations
  3113 | D:3      | Gained mutation: You can fly. [Tengu growth]
  3113 | D:3      | Reached XP level 5. HP: 22/29 MP: 3/10
  3265 | D:3      | Learned a level 3 spell: Summon Guardian Golem
  3346 | D:3      | Found a radiant altar of Vehumet.
  3348 | D:3      | Found a shattered altar of Ashenzari.
  3611 | D:3      | Reached XP level 6. HP: 21/35 MP: 9/12
  3651 | D:3      | Found a basalt altar of Yredelemnul.
  3652 | D:3      | Found a deep blue altar of Sif Muna.
  3653 | D:3      | Reached ** piety under Nemelex Xobeh
  3654 | D:3      | Found an oddly glowing altar of Pakellas.
  3667 | D:3      | Found a bloodstained altar of Trog.
  4022 | D:3      | Noticed eeldvark's ghost (amateur NaWr)
  4096 | D:3      | Learned a level 4 spell: Summon Lightning Spire
  4136 | D:3      | Killed eeldvark's ghost
  4136 | D:3      | Reached skill level 1 in Air Magic
  4374 | D:3      | Reached XP level 7. HP: 27/40 MP: 8/13
  5008 | D:4      | Reached skill level 7 in Summonings
  5763 | D:4      | Received a gift from Nemelex Xobeh
  5821 | D:4      | HP: 2/40 [poisoned by a worker ant]
  5829 | D:4      | HP: 1/40 [poisoned by a worker ant]
  6547 | D:5      | Entered Level 5 of the Dungeon
  6593 | D:5      | Reached *** piety under Nemelex Xobeh
  6692 | D:5      | Received a gift from Nemelex Xobeh
  6802 | D:5      | Found a shimmering altar of Xom.
  7004 | D:5      | Reached XP level 8. HP: 14/45 MP: 9/16
  7585 | D:6      | Found a sacrificial altar of Ru.
  7597 | D:6      | Received a gift from Nemelex Xobeh
  7613 | D:6      | Reached **** piety under Nemelex Xobeh
  7918 | D:6      | Reached skill level 5 in Spellcasting
  8216 | D:6      | Learned a level 4 spell: Summon Ice Beast
  8391 | D:6      | Found an iron altar of Okawaru.
  8392 | D:6      | Found a white marble altar of Elyvilon.
  8513 | D:6      | Found a staircase to the Ecumenical Temple.
  9034 | D:7      | Reached skill level 8 in Summonings
  9223 | D:7      | Found Jegom's Gadget Shop.
  9273 | D:7      | Found Ososi's Armour Boutique.
  9393 | D:7      | Reached XP level 9. HP: 51/51 MP: 4/18
  9838 | D:7      | Reached skill level 5 in Dodging
 10440 | D:8      | HP: 2/51 [killer bee (4)]
 11081 | D:8      | Reached skill level 9 in Summonings
 11130 | D:8      | Noticed Erica
 11453 | D:8      | Received a gift from Nemelex Xobeh
 11705 | D:8      | Killed Erica
 11705 | D:8      | Reached skill level 5 in Air Magic
 11705 | D:8      | Reached skill level 5 in Evocations
 11948 | D:8      | Got a flickering copper ring
 12188 | D:8      | Reached ***** piety under Nemelex Xobeh
 12238 | D:8      | Identified the ring "Weapp" {rF- MP+9 Dex+5} (You took it off a wight on level 8 of the Dungeon)
 12909 | D:9      | Reached XP level 10. HP: 56/56 MP: 20/20
 12965 | D:9      | Got a steaming marble ring
 12979 | D:9      | Received a gift from Nemelex Xobeh
 13025 | D:9      | Found a staircase to the Lair.
 13173 | D:9      | Received a gift from Nemelex Xobeh
 13436 | D:9      | Reached skill level 10 in Summonings
 13536 | D:9      | Received a gift from Nemelex Xobeh
 13604 | D:9      | Gained mutation: You are agile. (Dex +2) [mutagenic meat]
 13605 | D:9      | Gained mutation: Your system is resistant to poisons. [mutagenic meat]
 13606 | D:9      | Gained mutation: You are resistant to electric shocks. [mutagenic meat]
 13618 | D:10     | Entered Level 10 of the Dungeon
 13761 | Lair:1   | Entered Level 1 of the Lair of Beasts
 13793 | Lair:1   | Identified the ring "Xoetidec" {rF+ Int-4 Dex+2 SInv} (You found it on level 9 of the Dungeon)
 13820 | Lair:1   | Found an iron altar of Okawaru.
 13820 | Lair:1   | Noticed an oklob plant
 14365 | Lair:1   | Received a gift from Nemelex Xobeh
 14516 | Lair:1   | Noticed a black mamba
 14523 | Lair:1   | Killed a black mamba
 14585 | Lair:1   | Noticed a four-headed hydra
 14593 | Lair:1   | Killed a four-headed hydra
 14593 | Lair:1   | Reached skill level 5 in Fighting
 14883 | Lair:1   | Received a gift from Nemelex Xobeh
 15452 | Lair:2   | Reached XP level 11. HP: 44/63 MP: 23/23
 15945 | Lair:2   | Reached skill level 11 in Summonings
 16354 | Lair:3   | Learned a level 2 spell: Blink
 16520 | Lair:3   | Reached ****** piety under Nemelex Xobeh
 16524 | Lair:3   | Noticed a five-headed hydra
 16531 | Lair:3   | Killed a five-headed hydra
 16765 | Lair:3   | Received a gift from Nemelex Xobeh
 16801 | Lair:3   | Noticed Nergalle
 16813 | Lair:3   | Killed Nergalle
 16910 | Lair:2   | Reached skill level 1 in Armour
 16994 | Lair:2   | Noticed an eight-headed hydra
 17002 | Lair:2   | Killed an eight-headed hydra
 17553 | Lair:3   | Noticed an eight-headed hydra
 17581 | Lair:3   | HP: 3/64 [seven-headed hydra (3)]
 17581 | Lair:3   | Mangled by a seven-headed hydra

Skill      XL: |  1  2  3  4  5  6  7  8  9 10 11 |
---------------+----------------------------------+-----
Summonings     | 5 6 7 8 9 10 11 | 11.4
Fighting       | 1 2 3 4 5 |  5.6
Dodging        | 3 4 5 6 7 |  7.1
Spellcasting   | 3 4 5 6 7 8 |  8.6
Evocations     | 1 2 4 5 6 8 |  8.0
Air Magic      | 1 2 3 5 6 |  6.3
Armour         | 1 |  1.4
Stealth        | |  2.0

Action                   |  1- 3 |  4- 6 |  7- 9 | 10-12 || total
-------------------------+-------+-------+-------+-------++-------
Melee: Unarmed           |    15 |       |       |       ||    15
       Dagger            |    70 |    65 |   200 |   116 ||   451
       Kick              |    17 |    11 |    45 |    34 ||   107
       Peck              |     8 |     7 |    30 |    21 ||    66
       Scimitar          |       |       |       |     2 ||     2
 Cast: Summon Small Mamm |     1 |       |       |       ||     1
       Call Imp          |    15 |    24 |    81 |    17 ||   137
       Summon Guardian G |       |     3 |     7 |     6 ||    16
       Summon Lightning  |       |       |    34 |    66 ||   100
       Summon Ice Beast  |       |       |       |    63 ||    63
 Abil: Evoke Flight      |       |     2 |       |     1 ||     3
       Fly               |       |     1 |       |       ||     1
       Stop Flying       |       |     1 |       |       ||     1
Evoke: Deck              |       |     2 |     7 |     3 ||    12
  Use: Potion            |       |     3 |     8 |       ||    11
       Scroll            |       |       |    14 |     8 ||    22
 Stab: Sleeping          |     3 |     1 |     4 |     3 ||    11
       Distracted        |       |     1 |     3 |     3 ||     7
  Eat: Chunk             |     1 |     6 |    21 |    21 ||    49
       Meat ration       |     1 |       |     1 |       ||     2
       Bread ration      |       |       |     2 |       ||     2
       Pizza             |       |       |     1 |     4 ||     5
Armor: Robe              |    15 |     7 |    26 |    11 ||    59
Dodge: Dodged            |    71 |    43 |   187 |    92 ||   393
